AoeStats
← яблоко

Arabia

507110957Analyzed
1v1 RM · 14d ago on Sep 16, 2026· 40m 25s· 2 players
Game mode
Random Map
Map size
Tiny (2 player)
Population
200
Speed
Normal
Resources
Standard
Victory
Conquest
Starting age
Dark Age
Ending age
Imperial Age
RankedLock teamsTeams togetherTeam positionsShared explorationLock speedFull tech treeHidden civsTurbo modeCheats
Victory
Defeat
🇺🇸 Poles · United States
967
+17
🇹🇷 Vietnamese · Türkiye
978
-17
яблоко
6:50 Loom
10:01 Feudal Age
11:41 Wheelbarrow
11:47 Wheelbarrow
16:04 Double-Bit Axe
18:24 Horse Collar
22:16 Castle Age
20:23 Gold Mining
20:55 Bloodlines
21:17 Scale Barding Armor
22:55 Forging
23:28 Bow Saw
23:34 Heavy Plow
28:31 Town Watch
29:02 Hand Cart
36:08 Imperial Age
34:56 Chain Barding Armor
36:48 Cavalier
maestro_006
8:15 Loom
10:33 Feudal Age
11:02 Double-Bit Axe
22:00 Castle Age
20:55 Scale Mail Armor
21:06 Forging
20:49 Gold Mining
21:15 Horse Collar
21:53 Town Watch
22:48 Squires
23:05 Chain Mail Armor
23:58 Bow Saw
26:09 Iron Casting
27:44 Wheelbarrow
28:51 Wheelbarrow
34:21 Stone Mining
39:52 Imperial Age
Connection lost

Rejoining the realm…

Still unreachable

The connection could not be restored.

Session expired

The server has moved on; the page needs a fresh start.